Celery, neutral female gnomish Tourist ------------- |....<......| #...*........| #--------.---- # # # # -----# |mGd|# |%?.-# |*[@| ----- Celery the Sightseer Experience level: 3 Strength: 13 Dexterity: 11 Constitution: 16 Intelligence: 11 Wisdom: 10 Charisma: 15 Health: 0(25) Energy: 11(11) Def: 2 Gold: 784 Moves: 1703 Dungeon seed: 4IrChz7wNxtzyGOs Game ID: Celery_1467748647 Your Inventory: Coins $ - 784 gold pieces Weapons a - 39 uncursed +2 darts (in quiver) m - an uncursed +2 aklys (weapon in hand) Armor e - an uncursed +0 Hawaiian shirt (being worn) q - an uncursed +0 pair of jumping boots (being worn) Y - an uncursed +0 pair of leather gloves (being worn) Comestibles b - 8 uncursed food rations d - 2 uncursed eggs f - 2 uncursed tripe rations s - 2 uncursed sprigs of wolfsbane R - an uncursed eucalyptus leaf Scrolls h - 4 uncursed scrolls of magic mapping n - an uncursed scroll of light v - an uncursed scroll of identify Spellbooks J - an uncursed spellbook of detect unseen Potions Q - an uncursed potion of paralysis Rings r - an uncursed ring of poison resistance t - an uncursed +1 ring of increase accuracy z - an uncursed ring of slow digestion K - a cursed -1 ring of increase accuracy Wands k - an uncursed wand of secret door detection (0:12) I - an uncursed wand of enlightenment (0:12) Tools i - an uncursed expensive camera (0:75) j - an uncursed credit card l - an uncursed towel w - an uncursed tin whistle Gems y - 2 uncursed worthless pieces of violet glass N - an uncursed worthless piece of white glass Spells and supernatural/magical abilities: Name Level Category Fail Memory U - detect unseen 3 divination 100% 98% W - pray for help -- divine ? -- Y - supernatural jump -- ability ? -- Your skills at the end: Miscellaneous Skills wands [Basic] Weapon Skills club [Basic] dart [Basic] Spellcasting Skills Final Attributes: You were devoutly aligned. You had infravision. You could jump. You were held by a giant mimic. You are dead. Vanquished creatures: an iguana a coyote a gas spore a gecko 2 giant rats a brown mold a green mold 2 jackals 6 newts 3 goblins 6 grid bugs 6 lichens 2 kobold zombies 33 creatures vanquished. Voluntary challenges: You used a wielded weapon 17 times, starting on turn 79. You did not use containers. You did not apply a unicorn horn. You read items or engraved 10 times, starting on turn 629. You never genocided any monsters. You never polymorphed an object. You never changed form. You used no wishes. You never split a pudding. You never wrote Elbereth's name. You never violated your personal moral code. Dungeon overview: The Dungeons of Doom: levels 1 to 4 Level 1 some fountains a long staircase Level 2 Level 3 an altar to Blind Io, a fountain Level 4 <- You were here a general store History has recorded: On T:1 you entered the Dungeons of Doom to retrieve the Amulet of Yendor! On T:301 you reached level 2 of The Dungeons of Doom. On T:484 you advanced to experience level 2. On T:838 you advanced to experience level 3. On T:925 you reached level 3 of The Dungeons of Doom. On T:1623 you reached level 4 of The Dungeons of Doom. Score breakdown: Gold: 191 ( 19 points) Experience: 3 levels ( 200 points) Exploration: 4 levels ( 90 points) Discoveries: 5 items ( 250 points) Variety of kills: 13 monsters ( 650 points) Major goal: (nothing yet) ( 0 points) Survival: died (score multiplied by 3) Total score: 3627 Latest messages: You start removing your Hawaiian shirt. You take off your Hawaiian shirt. That food really hit the spot! You finish eating the food ration. "Aloha, Celery! Welcome to Kabalebo's general store!" You see here a green gem (400 zorkmids). You see here a cram ration (46 zorkmids). You see here a blue gem (4000 zorkmids). God picks up a green gem. You see here a chain mail (113 zorkmids). You stop. God is in the way! God drops a green gem. You see here a scroll of light (66 zorkmids). You stop. God is in the way! You start equipping your Hawaiian shirt. You are now wearing a Hawaiian shirt. You displace God. "Aloha, Celery! Welcome again to Kabalebo's general store!" Wait! That's a giant mimic! You stop exploring. You cannot escape from the giant mimic! The giant mimic claws you! (2x) You die... Kabalebo gratefully inherits all your possessions. Final status: Aloha Celery the Tourist, killed by a giant mimic... You died in The Dungeons of Doom on dungeon level 4 with 3627 points, and 784 pieces of gold, after 1703 moves. You were level 3 with a maximum of 25 hit points when you died.